 Dungeon Crawl Stone Soup version 0.21-a0-153-g78480df (webtiles) character file.

5 4thArraOfDagon the Vexing (level 1, -3/24 HPs)
             Began as a Draconian Arcane Marksman on Aug 1, 2017.
             Slain by Natasha (6 damage)
             ... on level 2 of the Dungeon.
             The game lasted 00:01:10 (144 turns).

4thArraOfDagon the Vexing (DrAM)                     Turns: 144, Time: 00:01:11

Health: -3/24      AC: 20    Str: 12    XL:     1   Next: 66%
Magic:  2/2        EV:  2    Int: 13    God:
Gold:   24         SH:  0    Dex: 11    Spells: 1/2 levels left

rFire    . . .     SeeInvis +   (no weapon)
rCold    . . .     Gourm    .   (no shield)
rNeg     + + +     Faith    .   (armour unavailable)
rPois    +         Spirit   .   (helmet currently unavailable)
rElec    .         Reflect  .   (cloak currently unavailable)
rCorr    .         Harm     .   (gloves currently unavailable)
MR       .....     NoTele   +   (boots currently unavailable)
Stlth    +.........             (no amulet)
HPRegen  0.08/turn              f - ring of see invisible
MPRegen  0.08/turn              (no ring)

@: tree-form
A: unfitting armour, AC +4
a: no special abilities


You were on level 2 of the Dungeon.
You were not hungry.
You were a tree.
You visited 1 branch of the dungeon, and saw 3 of its levels.

You collected 24 gold pieces.

Inventory:

Jewellery
 f - a ring of see invisible (left branch)
Scrolls
 e - a scroll of noise {unknown}
 g - a scroll of remove curse {unknown}
Books
 a - a book of Debilitation

   Spells                             Type                      Level
   a - Corona                         Hexes                        1
   b - Slow                           Hexes                        2
   c - Inner Flame                    Hexes/Fire                   3
   d - Portal Projectile              Hexes/Translocation          3
   e - Cause Fear                     Hexes                        4
   f - Leda's Liquefaction            Hexes/Earth                  4
Comestibles
 d - a bread ration
 h - a meat ration


   Skills:
 - Level 1.1 Fighting
 * Level 2.0 Throwing
 * Level 2.0 Dodging
 * Level 0.4 Unarmed Combat
 - Level 1.0 Spellcasting
 - Level 2.6 Hexes


You had one spell level left.
You knew the following spells:

 Your Spells              Type           Power        Failure   Level  Hunger
a - Corona                Hex            #......      10%         1    ##.....


Dungeon Overview and Level Annotations

Branches:
Dungeon (3/15)

Altars:

Annotations:
D:2 Natasha


Innate Abilities, Weirdness & Mutations

((Your plain brown scales are hard. (AC +4)))
You cannot fit into any form of body armour.
((You are cold-blooded and may be slowed by cold attacks.))


Message History

Unknown command.
It was a potion of lignification.
You turn into a tree.
Your roots penetrate the ground.
Natasha claws you but does no damage.
Throwing (i - inventory):
b - a javelin (quivered)
Press: ? - help, Shift-Dir - straight line, f/p - Natasha
Aim: Natasha You throw a javelin.
The javelin barely misses Natasha.
The javelin closely misses the shadow imp.
Natasha mumbles some strange words.
Natasha shimmers violently.
Natasha claws you but does no damage.
Unknown command.
You smack Natasha!
Natasha is heavily wounded.
Natasha claws you but does no damage.
The crimson imp blinks!
Unknown command.
You closely miss Natasha.
Natasha is heavily wounded.
Natasha claws you.
You die...

#.#....#######
#.##.#.......#
#.#..#.......#
#............##
#.#.##........####
#.................
#..###............
#######.(#
########.....
.......♣## ##....
#######h# #....
(5# ####. .### #.
.. ########. ..
......... ###
########. #. #.


You could see Natasha and a shadow imp.

Vanquished Creatures
  A giant cockroach (D:1)
  3 bats
  A frilled lizard (D:1)
5 creatures vanquished.

Notes
Turn   | Place    | Note
-------+----------+-------------------------------------------
     0 | D:1      | 4thArraOfDagon the Draconian Arcane Marksman began the quest for the Orb.
     0 | D:1      | Reached XP level 1. HP: 16/16 MP: 2/2
   134 | D:2      | Noticed Natasha
   138 | D:2      | Noticed a crimson imp
   144 | D:2      | Slain by Natasha

Vault maps used:
D:1:      grunt_arrival_crossed_arrows
D:2:      minivault_5, minmay_misc_feat_square, minmay_tetromino_o2,
          uniq_natasha, uniq_crazy_yiuf_cottage
D:3:      corexii_corridor_pit, serial_bayou_lagoon_a, st_stairs_1, tgw_trog,
          uniq_terence

Skill      XL: |  1 |
---------------+----+-----
Dodging        | 2 |  2.0
Throwing       | 2 |  2.0
Fighting       | |  1.1
Unarmed Combat | |  0.4
Spellcasting   | |  1.0
Hexes          | |  2.6

Action                   || total
-------------------------++-------
Melee: Unarmed           ||    17
       Tailslap          ||     3
Throw: Javelin           ||     7
       Throwing net      ||     2
  Use: Potion            ||     1
Armor: Skin              ||    16
Dodge: Dodged            ||    18
